[Event "LJ Slovak Open 2022"]
[Site "Liptovsky Jan"]
[Date "2022.06.24"]
[Round "3.1"]
[White "Ihnat, Marek"]
[Black "Manik, Mikulas"]
[Result "0-1"]
[ECO "B90"]
[WhiteElo "2045"]
[BlackElo "2368"]
[Annotator "RC"]
[PlyCount "70"]
[EventDate "2022.06.23"]
[EventType "swiss"]
[EventCountry "SVK"]
[SourceTitle "playchess.com"]
[Source "ChessBase"]
[SourceQuality "1"]
[TimeControl "3600+30"]

1. e4 c5 2. Nf3 d6 3. d4 cxd4 4. Nxd4 Nf6 5. Nc3 a6 6. h3 g6 7. g4 Nc6 8. Be3 Bg7 9. Qd2 O-O 10. O-O-O Bd7 11. g5 Nh5 12. Be2 Nf4 13. Nxc6 Nxe2+ 14. Qxe2 Bxc6 15. Bd4 Bxd4 16. Rxd4 e5 17. Rd2 Qxg5 18. h4 Qf4 19. h5 f5 20. hxg6 hxg6 21. Kb1 Rad8 22. Rg1 Kg7 23. Qh5 Rf6 24. exf5 Qxf5 25. Qd1 Bf3 26. Ne2 d5 27. Ng3 Qf4 28. Qe1 d4 29. a3 e4 30. Ne2 Qe5 31. c3 Bxe2 32. Rxe2 Qf5 33. Ka1 d3 34. Rxe4 d2 35. Re7+ Kf8 0-1

[Event "LJ Slovak Open 2022"]
[Site "Liptovsky Jan"]
[Date "2022.06.24"]
[Round "3.2"]
[White "Jablonicky, Martin"]
[Black "Macka, Oto"]
[Result "1-0"]
[ECO "A80"]
[WhiteElo "2377"]
[BlackElo "2026"]
[Annotator "RC"]
[PlyCount "127"]
[EventDate "2022.06.23"]
[EventType "swiss"]
[EventCountry "SVK"]
[SourceTitle "playchess.com"]
[Source "ChessBase"]
[SourceQuality "1"]
[TimeControl "3600+30"]

1. d4 f5 2. Nc3 Nf6 3. Bg5 d5 4. Bxf6 exf6 5. e3 c6 6. Bd3 Bd6 7. Qf3 g6 8. Nge2 Be6 9. Nf4 Bf7 10. O-O-O Nd7 11. h3 Qc7 12. g4 fxg4 13. hxg4 O-O-O 14. Rh6 Nf8 15. Nce2 Rg8 16. Kb1 Rg7 17. Rc1 Kb8 18. Rhh1 Qe7 19. c4 dxc4 20. Bxc4 Bxc4 21. Rxc4 Ne6 22. Nxe6 Qxe6 23. Rc2 Re8 24. Nc3 f5 25. g5 Rc8 26. d5 Qe7 27. dxc6 Rxc6 28. Qd5 Bb4 29. Nb5 Rxc2 30. Kxc2 Qc5+ 31. Qxc5 Bxc5 32. Rd1 Kc8 33. Rd5 Bb6 34. Nd6+ Kb8 35. Ne8 Rf7 36. Kd3 Re7 37. Nf6 Kc8 38. a4 Bd8 39. Rc5+ Kb8 40. f4 Rf7 41. Nd5 b6 42. Rc6 Kb7 43. Rd6 Bc7 44. Re6 Bd8 45. b4 Kc8 46. b5 Kd7 47. Rc6 Rg7 48. Kd4 Rg8 49. Rf6 Rg7 50. Rf8 Kc8 51. Ke5 h6 52. gxh6 Rh7 53. Kd6 Rd7+ 54. Ke6 Rh7 55. Rf7 Rxh6 56. Rxa7 Kb8 57. Rg7 g5+ 58. Kxf5 gxf4 59. exf4 Kc8 60. Rg6 Rh5+ 61. Ke4 Kb7 62. Rd6 Rh8 63. f5 Rh4+ 64. Kf3 1-0

[Event "LJ Slovak Open 2022"]
[Site "Liptovsky Jan"]
[Date "2022.06.24"]
[Round "3.3"]
[White "Ambrozi, Peter"]
[Black "Karas, Marek"]
[Result "0-1"]
[ECO "D02"]
[WhiteElo "1994"]
[BlackElo "2292"]
[Annotator "NA RC"]
[PlyCount "43"]
[EventDate "2022.06.23"]
[EventType "swiss"]
[EventCountry "SVK"]
[SourceTitle "playchess.com"]
[Source "ChessBase"]
[SourceQuality "1"]
[TimeControl "3600+30"]

1. d4 Nf6 2. Nf3 c5 3. g3 cxd4 4. Nxd4 e5 5. Nb3 d5 6. Bg2 a5 7. a4 Bb4+ 8. Bd2 Bxd2+ 9. Qxd2 Nc6 10. O-O O-O 11. Nc3 d4 12. Nb5 Qb6 13. c4 Be6 14. c5 Qd8 15. Nc1 Bd5 16. Bxd5 Nxd5 17. Nd3 e4 18. Nf4 Qg5 19. Rad1 e3 20. fxe3 Nxe3 21. Ng2 Qxc5 22. Nxe3 0-1

[Event "LJ Slovak Open 2022"]
[Site "Liptovsky Jan"]
[Date "2022.06.24"]
[Round "3.4"]
[White "Zetocha, Adrian"]
[Black "Vilimek, Vit"]
[Result "1/2-1/2"]
[ECO "A52"]
[WhiteElo "2331"]
[BlackElo "1972"]
[Annotator "RC"]
[PlyCount "115"]
[EventDate "2022.06.23"]
[EventType "swiss"]
[EventCountry "SVK"]
[SourceTitle "playchess.com"]
[Source "ChessBase"]
[SourceQuality "1"]
[TimeControl "3600+30"]

1. d4 Nf6 2. c4 e5 3. dxe5 Ng4 4. Bf4 g5 5. Bg3 Nc6 6. Nf3 Bg7 7. e4 Ngxe5 8. Nxe5 Nxe5 9. Nc3 d6 10. Rc1 h5 11. Be2 h4 12. Bxe5 Bxe5 13. O-O Be6 14. Qd3 c6 15. Nd1 g4 16. Ne3 Qg5 17. Nf5 Bxf5 18. exf5 Qf4 19. g3 Qg5 20. Rc2 O-O-O 21. Bd1 Rh6 22. Qe4 hxg3 23. fxg3 Rdh8 24. c5 Bxg3 25. hxg3 d5 26. Qf4 Rh1+ 27. Kf2 Rxf1+ 28. Kxf1 Rh1+ 29. Kg2 Qxf4 30. gxf4 Rxd1 31. Kg3 Re1 32. Kxg4 Kd7 33. Kg5 Ke7 34. Rg2 b6 35. cxb6 axb6 36. b4 d4 37. Rc2 Rg1+ 38. Kh4 Kd6 39. a4 c5 40. a5 d3 41. Rc3 cxb4 42. Rxd3+ Kc6 43. axb6 Kxb6 44. Rd8 Kc6 45. Rb8 Kc5 46. Rc8+ Kd6 47. Rc4 b3 48. Rb4 Rb1 49. Kg5 Kc5 50. Rb8 Kc4 51. Kf6 Rf1 52. Kxf7 Rxf4 53. f6 Kc3 54. Kg7 Rg4+ 55. Kh6 Rh4+ 56. Kg5 Rh7 57. Kg6 Rc7 58. f7 1/2-1/2

[Event "LJ Slovak Open 2022"]
[Site "Liptovsky Jan"]
[Date "2022.06.24"]
[Round "3.5"]
[White "Holly, Andrej"]
[Black "Spik, Peter"]
[Result "1-0"]
[ECO "A43"]
[WhiteElo "2214"]
[BlackElo "1969"]
[Annotator "RC"]
[PlyCount "87"]
[EventDate "2022.06.23"]
[EventType "swiss"]
[EventCountry "SVK"]
[SourceTitle "playchess.com"]
[Source "ChessBase"]
[SourceQuality "1"]
[TimeControl "3600+30"]

1. e4 e6 2. d4 c5 3. d5 d6 4. Nc3 Nf6 5. Bb5+ Bd7 6. Bc4 Be7 7. Nf3 O-O 8. O-O exd5 9. Nxd5 Bg4 10. Bf4 Nxd5 11. Bxd5 Nc6 12. c3 Rb8 13. Qd3 Kh8 14. Nd2 Ne5 15. Bxe5 dxe5 16. Qg3 Be6 17. Qxe5 Bd6 18. Qh5 g6 19. Qf3 Qg5 20. Qd3 Rbd8 21. Nc4 Bf4 22. Rad1 b5 23. Na5 c4 24. Qd4+ Be5 25. Qe3 Bf4 26. Qd4+ Kg8 27. Nc6 Bh3 28. g3 Rd7 29. Rfe1 Be6 30. h4 Qh5 31. gxf4 Qg4+ 32. Kf1 Qh3+ 33. Ke2 Bg4+ 34. Kd2 Bxd1 35. Rxd1 Qxh4 36. e5 Rc8 37. e6 Rxd5 38. Qxd5 Qxf2+ 39. Kc1 Qxf4+ 40. Kb1 Re8 41. e7 Kg7 42. Qd4+ Qxd4 43. cxd4 f6 44. d5 1-0

[Event "LJ Slovak Open 2022"]
[Site "Liptovsky Jan"]
[Date "2022.06.24"]
[Round "3.6"]
[White "Varga, Lukas"]
[Black "Kolesar, Peter"]
[Result "1-0"]
[ECO "B27"]
[WhiteElo "2136"]
[BlackElo "1969"]
[Annotator "NA RC"]
[PlyCount "112"]
[EventDate "2022.06.23"]
[EventType "swiss"]
[EventCountry "SVK"]
[SourceTitle "playchess.com"]
[Source "ChessBase"]
[SourceQuality "1"]
[TimeControl "3600+30"]

1. e4 c5 2. Nf3 g6 3. c3 Bg7 4. d4 cxd4 5. cxd4 d5 6. e5 Bg4 7. Bb5+ Nc6 8. Nbd2 e6 9. Bxc6+ bxc6 10. O-O Qb6 11. h3 Bxf3 12. Nxf3 Ne7 13. Bg5 h6 14. Bxe7 Kxe7 15. Rc1 Rhc8 16. Qd2 Ke8 17. Rc2 Bf8 18. Rfc1 a5 19. Qe3 a4 20. Ne1 Ra5 21. Nd3 Rb5 22. g3 Kd7 23. Kg2 Ke8 24. g4 Qb7 25. Kh2 Rb6 26. f4 Be7 27. Qf2 Kf8 28. f5 Kg8 29. Rf1 Rf8 30. f6 Bd8 31. Qh4 Kh7 32. g5 h5 33. Rff2 Rh8 34. Rg2 Rb5 35. Rc1 Bb6 36. Rgc2 c5 37. dxc5 Bc7 38. Qd4 Ra8 39. Kg3 Qb8 40. Kf4 Kg8 41. Kf3 Raa5 42. Qc3 Qb7 43. Qd4 Qb8 44. Rc3 Qa7 45. R1c2 Qb8 46. Ra3 Qa7 47. Kg2 Rb8 48. Qf2 Rbb5 49. c6 Qb8 50. Qd4 Bb6 51. Qf4 Bc7 52. Rxa4 Rxa4 53. Qxa4 Rb6 54. Kh1 Bxe5 55. c7 Bxc7 56. Rxc7 Qd8 1-0

[Event "LJ Slovak Open 2022"]
[Site "Liptovsky Jan"]
[Date "2022.06.24"]
[Round "3.7"]
[White "Podjavorinsky, Michal"]
[Black "Skreko, Igor"]
[Result "1/2-1/2"]
[ECO "B26"]
[WhiteElo "1941"]
[BlackElo "2065"]
[Annotator "NA RC"]
[PlyCount "108"]
[EventDate "2022.06.23"]
[EventType "swiss"]
[EventCountry "SVK"]
[SourceTitle "playchess.com"]
[Source "ChessBase"]
[SourceQuality "1"]
[TimeControl "3600+30"]

1. e4 c5 2. Nc3 d6 3. d3 g6 4. Be3 Bg7 5. Qd2 Nc6 6. g3 Rb8 7. Bg2 b5 8. Nge2 b4 9. Nd1 Nd4 10. O-O e6 11. Nc1 Bd7 12. c3 bxc3 13. bxc3 Nc6 14. Ne2 Nge7 15. Bh6 O-O 16. Bxg7 Kxg7 17. Ne3 Qc7 18. Rfb1 Rb7 19. Qc2 Rfb8 20. Nc4 Nc8 21. f4 Nb6 22. Ne3 Ne7 23. c4 Na4 24. Rb3 Bc6 25. Rab1 Qa5 26. Kf2 Rb4 27. g4 Bd7 28. Nd1 Nc6 29. Ndc3 Nxc3 30. Qxc3+ Kg8 31. Ra3 Qd8 32. Rab3 Qh4+ 33. Kf3 e5 34. f5 gxf5 35. gxf5 Nd4+ 36. Nxd4 Qf4+ 37. Ke2 exd4 38. Qd2 Qxd2+ 39. Kxd2 a5 40. Bf3 Kg7 41. Bd1 Kf6 42. a3 Rxb3 43. Rxb3 Rxb3 44. Bxb3 Kg5 45. Ke2 Kh4 46. Kf2 f6 47. Bd1 Be8 48. Kg2 Bh5 49. Bxh5 Kxh5 50. Kg3 Kg5 51. h4+ Kh5 52. a4 Kh6 53. Kg4 Kg7 54. Kh5 Kf7 1/2-1/2

[Event "LJ Slovak Open 2022"]
[Site "Liptovsky Jan"]
[Date "2022.06.24"]
[Round "3.8"]
[White "Kasperek, Ryszard"]
[Black "Elias, David"]
[Result "0-1"]
[ECO "B89"]
[WhiteElo "2068"]
[BlackElo "1901"]
[Annotator "NA RC"]
[PlyCount "70"]
[EventDate "2022.06.23"]
[EventType "swiss"]
[EventCountry "SVK"]
[SourceTitle "playchess.com"]
[Source "ChessBase"]
[SourceQuality "1"]
[TimeControl "3600+30"]

1. e4 c5 2. Nf3 d6 3. d4 cxd4 4. Nxd4 Nf6 5. Nc3 Nc6 6. Bc4 e6 7. Be3 a6 8. Qe2 Bd7 9. O-O-O b5 10. Bb3 b4 11. Na4 Nxe4 12. Nb6 Qxb6 13. Nxe6 Qb7 14. Ng5 Nxg5 15. Bxg5+ Ne5 16. f4 Be7 17. Bxe7 Bg4 18. Qe3 Qxe7 19. Rde1 O-O 20. fxe5 dxe5 21. Qxe5 Qd7 22. h3 Rae8 23. Qf4 Bh5 24. Qxb4 Rxe1+ 25. Rxe1 Rd8 26. g4 Bg6 27. a4 h5 28. Kb1 hxg4 29. hxg4 Qc7 30. Re7 Qg3 31. Ka2 Rb8 32. Rb7 Rc8 33. Qe7 Qxg4 34. Bxf7+ Kh8 35. Rb4 Bxf7+ 0-1

[Event "LJ Slovak Open 2022"]
[Site "Liptovsky Jan"]
[Date "2022.06.24"]
[Round "3.9"]
[White "Janousek, Petr"]
[Black "Gajdosik, Marian"]
[Result "1-0"]
[ECO "C41"]
[WhiteElo "2099"]
[BlackElo "1902"]
[Annotator "NA RC"]
[PlyCount "97"]
[EventDate "2022.06.23"]
[EventType "swiss"]
[EventCountry "SVK"]
[SourceTitle "playchess.com"]
[Source "ChessBase"]
[SourceQuality "1"]
[TimeControl "3600+30"]

1. e4 e5 2. Nf3 d6 3. d4 Nd7 4. Bc4 Qe7 5. O-O h6 6. b3 Qf6 7. Bb2 Ne7 8. Na3 c6 9. Be2 Ng6 10. Nc4 Be7 11. a4 O-O 12. Re1 Rd8 13. Bf1 Nb6 14. Ne3 a5 15. Qd2 Be6 16. c4 c5 17. d5 Bd7 18. Bc3 Nc8 19. Bxa5 b6 20. Bc3 Nf4 21. Rad1 Qg6 22. Nf5 Bxf5 23. exf5 Qxf5 24. Qe3 Bg5 25. Nxg5 Qxg5 26. Bd2 Qf6 27. g3 Ng6 28. Bc3 Qg5 29. Qe2 Nce7 30. Bd2 Qf6 31. Bh3 Nf5 32. Bxf5 Qxf5 33. Bc3 Ra7 34. Rd3 Re7 35. Re3 Rde8 36. Kg2 h5 37. Rf3 Qg4 38. Kh1 h4 39. Re3 Qg5 40. Bd2 Qf5 41. Re4 Kh7 42. gxh4 Nf4 43. Bxf4 exf4 44. Rxe7 Rxe7 45. Qxe7 Qh3 46. Qe4+ g6 47. Qxf4 Qc3 48. Qxf7+ Kh6 49. Qf4+ 1-0

[Event "LJ Slovak Open 2022"]
[Site "Liptovsky Jan"]
[Date "2022.06.24"]
[Round "3.10"]
[White "Rucek, Peter"]
[Black "Wisniewski, Michal"]
[Result "0-1"]
[ECO "A58"]
[WhiteElo "1899"]
[BlackElo "2073"]
[Annotator "NA RC"]
[PlyCount "102"]
[EventDate "2022.06.23"]
[EventType "swiss"]
[EventCountry "SVK"]
[SourceTitle "playchess.com"]
[Source "ChessBase"]
[SourceQuality "1"]
[TimeControl "3600+30"]

1. d4 Nf6 2. c4 c5 3. d5 b5 4. cxb5 a6 5. bxa6 g6 6. Nc3 Bg7 7. e4 O-O 8. Bc4 Qa5 9. a7 Nxe4 10. axb8=Q Rxb8 11. Nge2 Nxc3 12. bxc3 Bxc3+ 13. Bd2 Bxd2+ 14. Qxd2 Qa4 15. Qc3 Rb4 16. Bd3 Ba6 17. O-O Bxd3 18. Qxd3 Rfb8 19. h3 Rb2 20. Rfb1 Qb4 21. Rxb2 Qxb2 22. Qd1 c4 23. Kf1 Rb5 24. Qd4 Qxd4 25. Nxd4 Rxd5 26. a4 Rxd4 27. a5 c3 28. a6 c2 29. Ke2 Ra4 30. Rc1 Rxa6 31. Rxc2 d5 32. Rc7 e6 33. Ke3 Kg7 34. h4 Kf6 35. g3 e5 36. Rb7 h5 37. Rc7 Ke6 38. Rb7 Ra3+ 39. Ke2 Ra2+ 40. Kf3 f6 41. Rb5 d4 42. Rb6+ Kf5 43. Rb5 Ra3+ 44. Ke2 Ke4 45. Rb6 f5 46. Rxg6 d3+ 47. Ke1 Ra1+ 48. Kd2 Ra2+ 49. Ke1 Re2+ 50. Kf1 Kf3 51. Rd6 e4 0-1

[Event "LJ Slovak Open 2022"]
[Site "Liptovsky Jan"]
[Date "2022.06.24"]
[Round "3.11"]
[White "Koska, Jiri"]
[Black "Hurtuk, Radovan"]
[Result "0-1"]
[ECO "B90"]
[WhiteElo "1759"]
[BlackElo "2057"]
[Annotator "NA RC"]
[PlyCount "96"]
[EventDate "2022.06.23"]
[EventType "swiss"]
[EventCountry "SVK"]
[SourceTitle "playchess.com"]
[Source "ChessBase"]
[SourceQuality "1"]
[TimeControl "3600+30"]

1. e4 c5 2. Nf3 d6 3. Nc3 Nf6 4. d4 cxd4 5. Nxd4 a6 6. Qf3 g6 7. Be3 Bg7 8. h3 Nbd7 9. O-O-O Qc7 10. g4 b5 11. Qg2 Bb7 12. Bd3 Nc5 13. Kb1 b4 14. Nd5 Nxd5 15. exd5 Nxd3 16. Rxd3 e6 17. Nc6 Bxc6 18. dxc6 d5 19. Bd4 Bxd4 20. Rxd4 a5 21. h4 Qxc6 22. Re1 O-O 23. h5 Rfc8 24. f4 Qc5 25. Rd3 Ra6 26. hxg6 fxg6 27. f5 Rf8 28. Rf3 exf5 29. gxf5 Raf6 30. Ref1 Qd4 31. Qe2 Qe4 32. Re3 Rxf5 33. Rxf5 Qxf5 34. a3 Qf1+ 35. Qxf1 Rxf1+ 36. Ka2 h5 37. axb4 axb4 38. Kb3 Rf2 39. Rd3 h4 40. Rxd5 h3 41. Rd3 h2 42. Rh3 g5 43. c4 bxc3 44. Kxc3 g4 45. Rh4 Kf7 46. Kd4 g3 47. Ke3 Rf1 48. Ke2 h1=Q 0-1

[Event "LJ Slovak Open 2022"]
[Site "Liptovsky Jan"]
[Date "2022.06.24"]
[Round "3.12"]
[White "Volek, Jan"]
[Black "Rucek, Kristian"]
[Result "0-1"]
[ECO "C01"]
[WhiteElo "1687"]
[BlackElo "2128"]
[Annotator "NA RC"]
[PlyCount "34"]
[EventDate "2022.06.23"]
[EventType "swiss"]
[EventCountry "SVK"]
[SourceTitle "playchess.com"]
[Source "ChessBase"]
[SourceQuality "1"]
[TimeControl "3600+30"]

1. e4 e6 2. Nc3 d5 3. exd5 exd5 4. d4 Nf6 5. Bg5 c6 6. Qe2+ Be6 7. f4 Qe7 8. O-O-O Nbd7 9. Nf3 O-O-O 10. Ne5 Qe8 11. g4 Nxe5 12. fxe5 Bxg4 13. Qd2 Bxd1 14. exf6 Bg4 15. fxg7 Bxg7 16. Bxd8 Bh6 17. Rg1 Qe1+ 0-1

[Event "LJ Slovak Open 2022"]
[Site "Liptovsky Jan"]
[Date "2022.06.24"]
[Round "3.13"]
[White "Valko, Michal"]
[Black "Bombek, Peter"]
[Result "1/2-1/2"]
[ECO "B12"]
[WhiteElo "1906"]
[BlackElo "2111"]
[Annotator "NA RC"]
[PlyCount "88"]
[EventDate "2022.06.23"]
[EventType "swiss"]
[EventCountry "SVK"]
[SourceTitle "playchess.com"]
[Source "ChessBase"]
[SourceQuality "1"]
[TimeControl "3600+30"]

1. e4 c6 2. d4 d5 3. e5 c5 4. dxc5 e6 5. Be3 Nd7 6. Nf3 Bxc5 7. Bxc5 Nxc5 8. Nc3 Ne7 9. Qd4 Qb6 10. O-O-O Bd7 11. Qg4 Nf5 12. Nd4 h5 13. Qf4 g5 14. Qd2 Nxd4 15. Qxd4 Bc6 16. h4 g4 17. f3 gxf3 18. gxf3 O-O-O 19. Be2 Nd7 20. Qxb6 axb6 21. f4 d4 22. Nb5 Bxh1 23. Nd6+ Kc7 24. Rxh1 Rdf8 25. Rd1 f6 26. Nb5+ Kb8 27. Nxd4 Nc5 28. b4 fxe5 29. fxe5 Rf2 30. Bxh5 Nd7 31. Bg4 Rxh4 32. Bxe6 Nxe5 33. Bb3 Nc6 34. Nxc6+ bxc6 35. a3 Kc7 36. Kb2 Rf6 37. Re1 b5 38. Rd1 Kb6 39. Re1 Rd6 40. Rf1 Rhd4 41. Rf5 Rh6 42. Re5 Rdh4 43. Rg5 R4h5 44. Rg8 Rh8 1/2-1/2

[Event "LJ Slovak Open 2022"]
[Site "Liptovsky Jan"]
[Date "2022.06.24"]
[Round "3.14"]
[White "Chlpek, Daniel"]
[Black "Kulich, Filip"]
[Result "1/2-1/2"]
[ECO "D17"]
[WhiteElo "2030"]
[BlackElo "1682"]
[Annotator "NA"]
[PlyCount "75"]
[EventDate "2022.06.23"]
[EventType "swiss"]
[EventCountry "SVK"]
[SourceTitle "playchess.com"]
[Source "ChessBase"]
[SourceQuality "1"]
[TimeControl "3600+30"]

1. c4 c6 2. d4 d5 3. Nf3 Nf6 4. Nc3 dxc4 5. a4 Bf5 6. Ne5 Nbd7 7. Nxc4 e6 8. g3 Bb4 9. Bg2 O-O 10. O-O Nb6 11. Ne5 Qe7 12. a5 Nbd7 13. Nd3 Bxd3 14. Qxd3 a6 15. Qc4 Rad8 16. Ra4 Bd6 17. e4 e5 18. d5 b5 19. axb6 Nxb6 20. Qxa6 Nxa4 21. Qxa4 cxd5 22. exd5 Qd7 23. Qc2 Bb4 24. Bg5 Be7 25. Rd1 h6 26. Be3 Bd6 27. h3 Rb8 28. Qe2 Bb4 29. g4 Ne8 30. Ne4 f5 31. gxf5 Qxf5 32. Ng3 Qf6 33. Qg4 Bd6 34. Ne4 Qf5 35. Qxf5 Rxf5 36. Rc1 Be7 37. Rc6 Rd8 38. Ng3 1/2-1/2

[Event "LJ Slovak Open 2022"]
[Site "Liptovsky Jan"]
[Date "2022.06.24"]
[Round "3.15"]
[White "Giertli, Vladimir"]
[Black "Babjak, Samuel"]
[Result "1-0"]
[ECO "D02"]
[WhiteElo "1988"]
[BlackElo "1577"]
[Annotator "NA RC"]
[PlyCount "69"]
[EventDate "2022.06.23"]
[EventType "swiss"]
[EventCountry "SVK"]
[SourceTitle "playchess.com"]
[Source "ChessBase"]
[SourceQuality "1"]
[TimeControl "3600+30"]

1. Nf3 d5 2. g3 Nc6 3. d4 Bg4 4. c3 Qd7 5. h3 f6 6. Nbd2 Bf5 7. b4 a6 8. g4 Bg6 9. e3 e5 10. b5 axb5 11. Bxb5 e4 12. Nh4 Bf7 13. a4 h5 14. gxh5 Rxh5 15. Ng2 Rxh3 16. Rxh3 Qxh3 17. Nf4 Qh1+ 18. Nf1 g5 19. Ne2 Bd6 20. a5 Nge7 21. Ba3 Rxa5 22. Bxd6 Rxa1 23. Qxa1 cxd6 24. Qa8+ Kd7 25. Qxb7+ Ke6 26. Bxc6 Nxc6 27. Qxc6 Bh5 28. Neg3 Qf3 29. Nxh5 Qxh5 30. Ng3 Qg6 31. c4 dxc4 32. Nxe4 Qh5 33. Qxd6+ Kf7 34. Qxf6+ Kg8 35. Qxg5+ 1-0

[Event "LJ Slovak Open 2022"]
[Site "Liptovsky Jan"]
[Date "2022.06.24"]
[Round "3.16"]
[White "Vastik, Lukas"]
[Black "Bakalar, Jan"]
[Result "1/2-1/2"]
[ECO "B13"]
[WhiteElo "1738"]
[BlackElo "1916"]
[Annotator "NA RC"]
[PlyCount "28"]
[EventDate "2022.06.23"]
[EventType "swiss"]
[EventCountry "SVK"]
[SourceTitle "playchess.com"]
[Source "ChessBase"]
[SourceQuality "1"]
[TimeControl "3600+30"]

1. e4 d5 2. exd5 Nf6 3. c4 c6 4. Nc3 cxd5 5. d4 Nc6 6. Be3 e6 7. Nf3 Bb4 8. a3 Bxc3+ 9. bxc3 Ne4 10. Qb3 O-O 11. cxd5 exd5 12. Be2 Na5 13. Qb4 Be6 14. O-O Rc8 1/2-1/2

[Event "LJ Slovak Open 2022"]
[Site "Liptovsky Jan"]
[Date "2022.06.24"]
[Round "3.17"]
[White "Korenova, Simona"]
[Black "Freibergs, Andrejs"]
[Result "0-1"]
[ECO "A21"]
[WhiteElo "1895"]
[BlackElo "1526"]
[Annotator "NA RC"]
[PlyCount "98"]
[EventDate "2022.06.23"]
[EventType "swiss"]
[EventCountry "SVK"]
[SourceTitle "playchess.com"]
[Source "ChessBase"]
[SourceQuality "1"]
[TimeControl "3600+30"]

1. c4 e5 2. Nc3 Bb4 3. Qc2 Bxc3 4. bxc3 d6 5. g3 Nc6 6. Bg2 Nge7 7. Rb1 O-O 8. Nf3 f6 9. O-O Rb8 10. d4 Bf5 11. e4 Bg4 12. d5 Na5 13. Qa4 b6 14. Nd2 f5 15. f3 Bh5 16. exf5 Nxf5 17. Ne4 h6 18. g4 Be8 19. Qc2 Nh4 20. g5 h5 21. Qe2 Ng6 22. Bh3 Nf4 23. Bxf4 Rxf4 24. Kh1 Bg6 25. Rg1 Kh7 26. Rbf1 Nb7 27. Nf2 Nc5 28. Bg2 Rf7 29. Qe3 Qd7 30. Nh3 Nd3 31. f4 Nxf4 32. Nxf4 exf4 33. Rxf4 Re8 34. Qg3 Rxf4 35. Qxf4 Qf5 36. Qh4 Re4 37. Bxe4 Qxe4+ 38. Qxe4 Bxe4+ 39. Rg2 Kg6 40. Kg1 Bxg2 41. Kxg2 Kxg5 42. Kg3 h4+ 43. Kf3 Kf5 44. h3 g5 45. a3 a6 46. a4 a5 47. Kf2 g4 48. hxg4+ Kxg4 49. Kg2 Kf4 0-1

[Event "LJ Slovak Open 2022"]
[Site "Liptovsky Jan"]
[Date "2022.06.24"]
[Round "3.18"]
[White "Ziaran, Viliam"]
[Black "Kulich, Daniel"]
[Result "1-0"]
[ECO "D04"]
[WhiteElo "1832"]
[BlackElo "1648"]
[Annotator "NA"]
[PlyCount "66"]
[EventDate "2022.06.23"]
[EventType "swiss"]
[EventCountry "SVK"]
[SourceTitle "playchess.com"]
[Source "ChessBase"]
[SourceQuality "1"]
[TimeControl "3600+30"]

1. d4 d5 2. e3 Bf5 3. Bd3 Bxd3 4. Qxd3 c6 5. Nf3 Nf6 6. Nbd2 e6 7. O-O Bd6 8. e4 dxe4 9. Nxe4 Be7 10. Bf4 O-O 11. h3 Nxe4 12. Qxe4 Bd6 13. Bg5 Be7 14. Bf4 Bd6 15. Ng5 g6 16. Nxe6 fxe6 17. Qxe6+ Rf7 18. Qxd6 Nd7 19. Rfe1 Rf6 20. Qc7 Qxc7 21. Bxc7 Raf8 22. f3 Nb6 23. Bxb6 axb6 24. Re7 R8f7 25. Rae1 Rd6 26. c3 c5 27. Rxf7 Kxf7 28. Re4 Kf6 29. Kf2 h5 30. h4 Rd8 31. Ke3 Rc8 32. g3 Kf5 33. a3 cxd4+ 1-0

[Event "LJ Slovak Open 2022"]
[Site "Liptovsky Jan"]
[Date "2022.06.24"]
[Round "3.19"]
[White "Subjakova, Kristina"]
[Black "Borsos, Bogdan"]
[Result "0-1"]
[ECO "C45"]
[WhiteElo "1623"]
[BlackElo "2200"]
[Annotator "RC"]
[PlyCount "40"]
[EventDate "2022.06.23"]
[EventType "swiss"]
[EventCountry "SVK"]
[SourceTitle "playchess.com"]
[Source "ChessBase"]
[SourceQuality "1"]
[TimeControl "3600+30"]

1. e4 e5 2. Nf3 Nc6 3. d4 exd4 4. Nxd4 Nf6 5. Nxc6 bxc6 6. e5 Qe7 7. Qe2 Nd5 8. c4 Nb6 9. b3 Qe6 10. Nc3 a5 11. g3 a4 12. Nxa4 Nxa4 13. bxa4 Bb4+ 14. Kd1 O-O 15. f4 d6 16. Bg2 dxe5 17. fxe5 Rd8+ 18. Kc2 Qg6+ 19. Kb3 Rd3+ 20. Kxb4 c5+ 0-1

[Event "LJ Slovak Open 2022"]
[Site "Liptovsky Jan"]
[Date "2022.06.24"]
[Round "3.20"]
[White "Sekova, Olivia"]
[Black "Stric, Dusan"]
[Result "1/2-1/2"]
[ECO "B06"]
[WhiteElo "1708"]
[BlackElo "2021"]
[Annotator "TA"]
[PlyCount "133"]
[EventDate "2022.06.23"]
[EventType "swiss"]
[EventCountry "SVK"]
[SourceTitle "playchess.com"]
[Source "ChessBase"]
[SourceQuality "1"]
[TimeControl "3600+30"]

1. e4 g6 2. d4 Bg7 3. Nc3 d6 4. Be3 Nd7 5. Nge2 e5 6. Qd2 {[%emt 0:00:49] B06: Modern Defence.} b6 7. O-O-O {[%emt 0:04:22] [#]} Bb7 $146 ({Predecessor:} 7... Ne7 8. Bh6 O-O 9. h4 exd4 10. Nxd4 Nf6 11. f3 a6 12. h5 c5 13. Nde2 b5 14. Bxg7 Kxg7 {1-0 (33) Zagema,J (1861)-Alvarez Fernandez,J (1594) Pontevedra 2018}) 8. Kb1 {[%emt 0:05:44] White is better.} h5 9. f3 a6 10. dxe5 Nxe5 11. Nf4 Ne7 12. Nfd5 Nxd5 13. Nxd5 O-O {[%emt 0:01:44] [#]} 14. Bg5 $1 f6 15. Bh6 {[%emt 0:04:13] White is more active.} Qd7 16. Bxg7 Kxg7 17. Qc3 Rac8 18. Be2 Rf7 19. Nxf6 Rxf6 {[%emt 0:04:02] [#]} (19... Kxf6 $14 20. f4 Qe7) 20. Qxe5 $1 $16 {[%emt 0:00:19][%mdl 576] Pin} Re8 (20... Qc6 21. Qd4) 21. Qc3 {[%emt 0:01:05][%cal Oe4e5] Threatens to win with e5!} Qe7 {[%emt 0:01:26][%cal Od6d5] Prevents e5.} 22. Rhe1 b5 23. Rd2 Kh7 24. Red1 Rf7 25. Qd4 Qe5 {[%emt 0:01:10] [#]} 26. Qxe5 (26. Qa7 $1 $18 Bc6 27. Qxa6 (27. Rxd6 $2 Ra8 $19)) 26... Rxe5 27. c3 Ree7 (27... g5 $16) 28. Bd3 (28. c4 $18) 28... Kg7 29. Bc2 Rf6 30. Bb3 g5 31. Bd5 Bc8 32. Rf2 Bd7 33. Re1 a5 34. Kc2 (34. Kc1 $16) 34... c6 $11 35. e5 $1 ({Don't go for} 35. Bb3 $2 a4 36. Bxa4 bxa4 $19) 35... Rxe5 36. Rxe5 dxe5 {[%emt 0:00:03][%mdl 4096] Endgame KRB-KRB} 37. Be4 g4 38. Kd2 gxf3 39. Rxf3 Rxf3 40. Bxf3 {[%emt 0:00:06] KB-KB} Be8 41. Kd3 Kf6 42. g4 hxg4 {[%emt 0:01:58] The position is equal.} 43. Bxg4 Kg5 44. Bf3 Kf4 45. Be4 c5 {[%emt 0:00:16] Hoping for ...c4+.} 46. Bd5 Bg6+ 47. Ke2 e4 48. Bc6 b4 49. cxb4 cxb4 50. a3 Bh5+ 51. Ke1 Ke3 52. h4 Kd3 {[%emt 0:00:47] ...b3 is the strong threat.} 53. axb4 axb4 54. b3 e3 55. Bb5+ Ke4 56. Be2 Bf7 57. Bd1 Kd3 58. h5 Kc3 59. h6 {[%emt 0:00:10] White threatens h7 and mate.} Bg6 60. Bg4 {[%emt 0:01:08] And now Be6 would win.} Kxb3 61. Be6+ Kc3 62. Ke2 Kd4 63. Bg8 Bd3+ 64. Ke1 Kc3 65. h7 Bxh7 $1 66. Bxh7 b3 67. Ke2 {[%emt 0:00:19] Black escapes into a draw.  Weighted Error Value: White=0.12 (very precise) /Black=0.11 (very precise)} 1/2-1/2